 Dungeon Crawl Stone Soup version 0.23-a0-612-gcb482e9 (console) character file.

70 Duffy the Magician (level 4, 0/36 HPs)
             Began as a Naga Wizard on Dec 21, 2018.
             Slain by an orc
             ... wielding a +0 trident
              (3 damage)
             ... on level 3 of the Dungeon.
             The game lasted 00:02:24 (1986 turns).

Duffy the Magician (Naga Wizard)                    Turns: 1986, Time: 00:02:25

Health: 0/36       AC:  5    Str: 10    XL:     4   Next: 22%
Magic:  1/9        EV: 10    Int: 19    God:
Gold:   43         SH:  0    Dex:  9    Spells: 1/10 levels left

rFire    . . .     SeeInvis +   n - +0 dagger
rCold    . . .     Gourm    .   (no shield)
rNeg     . . .     Faith    .   o - +2 robe {MR+}
rPois    +         Spirit   .   b - +0 hat
rElec    .         Reflect  .   (no cloak)
rCorr    .         Harm     .   h - +0 pair of gloves
MR       +....                  (no barding)
Stlth    ++........             k - amulet of rage
HPRegen  0.12/turn              (no ring)
MPRegen  0.11/turn              (no ring)

@: short of breath, very slightly contaminated, very slow
A: large, see invisible, deformed body, poison resistance, slowness 2, slow
metabolism 1, spit poison 1, AC +1
a: Spit Poison, Evoke Berserk Rage


You were on level 3 of the Dungeon.
You were not hungry.

You visited 1 branch of the dungeon, and saw 4 of its levels.

You collected 43 gold pieces.

Inventory:

Hand Weapons
 n - a +0 dagger (weapon)
Armour
 b - a +0 hat (worn)
 h - a +0 pair of gloves (worn)
 o - a +2 robe of magic resistance (worn)
Jewellery
 k - an amulet of rage (around neck)
Scrolls
 e - a scroll of magic mapping {unknown}
 f - a scroll of immolation {unknown}
 g - a scroll of remove curse {unknown}
 m - a scroll of teleportation {unknown}
Potions
 c - a potion of heal wounds
 i - a potion of mutation
 j - a potion of ambrosia {unknown}
 l - a potion of magic {unknown}
Comestibles
 d - 2 rations


   Skills:
 - Level 1.5 Dodging
 - Level 3.0 Stealth
 + Level 3.9 Spellcasting
 + Level 2.8 Conjurations
 - Level 1.0 Summonings
   Level 1.0 Translocations


You had one spell level left.
You knew the following spells:

 Your Spells              Type           Power        Failure   Level  Hunger
h - Magic Dart            Conj           ##..         4%          1    None
i - Call Imp              Summ           #.......     14%         2    ##.....
l - Conjure Flame         Conj/Fire      #.......     24%         3    ###....
o - Mephitic Cloud        Conj/Pois/Air  #.......     28%         3    ###....

Your spell library contained the following spells:

 Spells                   Type           Power        Failure   Level  Hunger
 Blink                    Tloc           N/A          14%         2    ##.....
 Slow                     Hex            #.......     22%         2    ##.....


Dungeon Overview and Level Annotations

Branches:
Dungeon (4/15)
 Temple: D:4-7

Altars:


Innate Abilities, Weirdness & Mutations

You cannot wear boots.
Your serpentine skin is tough. (AC +1)
You have supernaturally acute eyesight. (SInv)
Armour fits poorly on your strangely shaped body.
Your system is resistant to poisons. (rPois)
You cover ground very slowly.
You have a slow metabolism.
You can spit poison.


Message History

Press: ? - help, Shift-Dir - straight line, f - orc
Aim: an orc, wielding a +0 whip The splash of poison hits the orc priest.
The orc priest is poisoned.
You kill the orc priest!
You have reached level 4!
You feel stronger.
You feel slightly more hungry.
An orc comes into view. It is wielding a +0 trident.
Your crimson imp blinks!
You fail to use your ability.
The orc barely misses you.
The orc hits you from afar with a +0 trident.
Your crimson imp closely misses the orc.
Your crimson imp barely misses the orc.
Your crimson imp closely misses the orc.
You fail to use your ability.
Your crimson imp barely misses the giant cockroach.
The orc hits you with a +0 whip.
Your crimson imp barely misses the orc.
The orc hits you from afar with a +0 trident.
You die...

### ..# ..# . #
..###.# ###.
.5..... #....
s.#...#
###.#.######o......
..........o55#
#.#......@.##
#...#.######
#.###.#.# #.......#
#####.### #.##
#..## ##...####
#####.......+


You could see 2 orcs, a giant cockroach and 3 friendly crimson imps.

Vanquished Creatures
  An orc priest (D:3)
  A dart slug (D:1)
  A ball python (D:2)
  A giant cockroach (D:1)
  3 goblins
  3 hobgoblins
  4 bats
  5 frilled lizards (D:1)
  3 kobolds
  7 rats
29 creatures vanquished.

Vanquished Creatures (collateral kills)
  Jessica (D:3)
  A worm (D:2)
2 creatures vanquished.

Grand Total: 31 creatures vanquished

Notes
Turn   | Place    | Note
-------+----------+-------------------------------------------
     0 | D:1      | Duffy the Naga Wizard began the quest for the Orb.
     0 | D:1      | Reached XP level 1. HP: 15/15 MP: 4/4
   336 | D:1      | Reached XP level 2. HP: 22/22 MP: 0/6
   576 | D:1      | Learned a level 2 spell: Call Imp
  1427 | D:2      | Reached XP level 3. HP: 28/28 MP: 4/7
  1501 | D:2      | Learned a level 3 spell: Conjure Flame
  1505 | D:2      | Learned a level 3 spell: Mephitic Cloud
  1840 | D:3      | Noticed Jessica
  1853 | D:3      | Killed Jessica
  1983 | D:3      | Reached XP level 4. HP: 7/36 MP: 1/9
  1986 | D:3      | Slain by an orc

Vault maps used:
D:1:      dpeg_arrival_windows_large_door, minmay_split_cup_small
D:2:      nicolae_overflow_hidden_temple, first_ration
D:3:      nicolae_gozag_cash_rules_everything_around_me,
          chequers_ecumenical_altar_island, kennysheep_generic_room_16,
          uniq_jessica
D:4:      grunt_dithmenos_smoke, minivault_4

Skill      XL: |  1  2 |
---------------+-------+-----
Conjurations   | 2 |  2.8
Dodging        | |  1.5
Stealth        | |  3.0
Spellcasting   | |  3.9
Summonings     | |  1.0
Translocations | |  1.0

Action                   |  1- 3 |  4- 6 || total
-------------------------+-------+-------++-------
Melee: Unarmed           |     2 |       ||     2
       Dagger            |     7 |       ||     7
 Cast: Magic Dart        |    64 |       ||    64
       Call Imp          |     7 |       ||     7
 Abil: Spit Poison       |    14 |     1 ||    15
  Use: Scroll            |     2 |       ||     2
 Stab: Distracted        |     1 |       ||     1
  Eat: Chunk             |     3 |       ||     3
Armor: Robe              |     9 |       ||     9
Dodge: Dodged            |    34 |     1 ||    35

Table legend:
 A = Non-vault XP
 B = Vault XP
 C = Vault XP percentage of total XP
 D = Non-vault monster count
 E = Vault monster count
 F = Vault count percentage of total count
                 A         B        C        D         E       F
            +---------+---------+-------+---------+---------+-------
      Total |      74 |      27 |  26.7 |      27 |       4 |  12.9
            +---------+---------+-------+---------+---------+-------
        D:1 |      21 |       4 |  16.0 |      15 |       3 |  16.7
        D:2 |      18 |       0 |   0.0 |      10 |       0 |   0.0
        D:3 |      35 |      23 |  39.7 |       2 |       1 |  33.3
            +---------+---------+-------+---------+---------+-------
